 Dungeon Crawl Stone Soup version 0.29.1-1-gd02db6906a (webtiles) character file.

Game seed: 13475125348101472847

731548 Decritt7 the Conqueror (level 27, -12/241 (273) HPs)
             Began as a Minotaur Fighter on Oct 2, 2022.
             Was the Champion of the Shining One.
             Killed from afar by a hellion (35 damage)
             ... with damnation
             ... on level 1 of Gehenna.
             The game lasted 06:06:07 (83478 turns).

Decritt7 the Conqueror (Minotaur Fighter)          Turns: 83478, Time: 06:06:07

HP:   -12/241 (273) AC: 57    Str: 18 (26) XL:     27
MP:   0/31          EV: 22    Int: -4 (10) God:    the Shining One [******]
Gold: 1601          SH: 18    Dex: 17 (22) Spells: 26/26 levels left

rFire   + + +      SeeInvis +   V - +18 lance "Wyrmbane" {slay drac, rPois rF+ rC+ AC+3}
rCold   + + +      Faith    .   D - +1 kite shield of the Villain {rF+}
rNeg    + + +      Spirit   +   K - +14 plate armour "Xoskecayph" {Regen+}
rPois   +          Reflect  .   n - +0 mask of the Dragon {Will+ Slay+3 SInv}
rElec   +          Harm     .   N - +1 cloak of Starlight {*Dazzle EV+4 Stlth--}
rCorr   .          Rampage  ∞   i - +3 pair of gauntlets of War {Slay+5}
Will    +++++                   g - +3 pair of seven-league boots {Rampage+∞}
Stlth   ..........              S - amulet of Ila Mio {Spirit +Blink rF+ rC+}
HPRegen 1.30/turn               L - ring of the Devil's Advocate {rElec Will+ AC+4}
MPRegen 0.22/turn               Z - ring of Noong {rC+ Will++ Str-4 Int+6 Dex+4}

@: hasted and slowed, lost intelligence, glowing, studying 2 skills, heavily
drained, unable to read
A: horns 2, retaliatory headbutt, iridescent scales 1, agile 1, deterioration 1,
low MP 1, strong-willed 1, mutation resistance 1, inability to read after injury
1
}: 5/15 runes: decaying, slimy, silver, abyssal, gossamer
a: Renounce Religion, Evoke Blink, Divine Shield, Cleansing Flame, Summon Divine
Warrior, Brand Weapon With Holy Wrath


You were on level 1 of Gehenna.
You worshipped the Shining One.
The Shining One was exalted by your worship.
You visited 16 branches of the dungeon, and saw 61 of its levels.
You visited the Abyss 2 times.
You visited 1 bazaar.
You also visited: Ice Cave and Desolation.

You collected 9131 gold pieces.
You spent 7530 gold pieces at shops.

Inventory:

Hand Weapons
 V - the +18 lance "Wyrmbane" (weapon) {slay drac, rPois rF+ rC+ AC+3}
   (You bought it in a shop on level 7 of the Dungeon)

   It inflicts extra damage against dragons and draconians.
   AC:        It affects your AC (+3).
   rF:        It protects you from fire.
   rC:        It protects you from cold.
   rPois:     It protects you from poison.
Missiles
 G - 17 javelins (quivered)
Armour
 a - a +2 hat of willpower
 g - the +3 pair of seven-league boots (worn) {Rampage+∞}
   (You found it on level 10 of the Dungeon)

   Its wearer moves as far as possible in that direction when moving towards
   enemies.
 i - the +3 pair of gauntlets of War (worn) {Slay+5}
   (You acquired it on level 3 of the Depths)

   Slay:      It affects your accuracy & damage with ranged weapons and melee
   (+5).
 j - +0 gold dragon scales
 n - the +0 mask of the Dragon (worn) {Will+ Slay+3 SInv}
   (You found it on level 3 of the Realm of Zot)

   Slay:      It affects your accuracy & damage with ranged weapons and melee
   (+3).
   SInv:      It lets you see invisible.
   Will:      It increases your willpower.
 r - a scarf of repulsion
 y - a +3 tower shield of cold resistance
 D - the +1 kite shield of the Villain (worn) {rF+}
   (You found it on level 4 of the Dungeon)

   rF:        It protects you from fire.
 K - the +14 plate armour "Xoskecayph" (worn) {Regen+}
   (You took it off a deep elf high priest on level 3 of the Elven Halls)

   Regen:     It increases your rate of health regeneration.
 N - the +1 cloak of Starlight (worn) {*Dazzle EV+4 Stlth--}
   (You found it on level 5 of the Vaults)

   It may blind those who miss an attack against the wearer in melee combat.
   EV:        It affects your evasion (+4).
   Stlth:     It makes you much less stealthy.
 U - a scarf of resistance
Jewellery
 A - the ring of Qeiptume {rN++ Str+6 Dex+4}
   (You found it in the Desolation of Salt)

   [ring of strength]

   Str:       It affects your strength (+6).
   Dex:       It affects your dexterity (+4).
   rN:        It greatly protects you from negative energy.
 B - the ring of Lugonu's Supremacy {rElec rCorr Str-4 Stlth+}
   (You found it in the Desolation of Salt)

   [ring of resist corrosion]

   Str:       It affects your strength (-4).
   rElec:     It insulates you from electricity.
   rCorr:     It protects you from acid and corrosion.
   Stlth:     It makes you more stealthy.
 F - the amulet of Cheibriados's Esteem {Reflect *Slow rElec Int+7 SH+5 Stlth+}
   (You took it off a deep elf annihilator on level 3 of the Elven Halls)

   [amulet of reflection]

   It reflects blocked missile attacks.
   Int:       It affects your intelligence (+7).
   rElec:     It insulates you from electricity.
   *Slow:     It may slow you when you take damage.
   SH:        It affects your SH (+5).
   Stlth:     It makes you more stealthy.
 J - the amulet of Coronation {Spirit Str+3}
   (You took it off a deep elf high priest on level 3 of the Elven Halls)

   [amulet of guardian spirit]

   It causes incoming damage to be divided between your reserves of health and
   magic.
   Str:       It affects your strength (+3).
 L - the ring of the Devil's Advocate (left hand) {rElec Will+ AC+4}
   (You bought it in a shop on level 2 of the Elven Halls)

   [ring of protection]

   AC:        It affects your AC (+4).
   rElec:     It insulates you from electricity.
   Will:      It increases your willpower.
 S - the amulet of Ila Mio (around neck) {Spirit +Blink rF+ rC+}
   (You took it off a vault guard on level 5 of the Vaults)

   [amulet of guardian spirit]

   It causes incoming damage to be divided between your reserves of health and
   magic.
   rF:        It protects you from fire.
   rC:        It protects you from cold.
   +Blink:    It lets you blink.
 Z - the ring of Noong (right hand) {rC+ Will++ Str-4 Int+6 Dex+4}
   (You found it on level 5 of the Vaults)

   [ring of intelligence]

   Str:       It affects your strength (-4).
   Int:       It affects your intelligence (+6).
   Dex:       It affects your dexterity (+4).
   rC:        It protects you from cold.
   Will:      It greatly increases your willpower.
Wands
 Q - a wand of digging (11)
Scrolls
 c - 4 scrolls of blinking
 f - 8 scrolls of fear
 h - 20 scrolls of teleportation
 k - 5 scrolls of noise
 s - 10 scrolls of fog
 u - 7 scrolls of silence
 v - 7 scrolls of poison
 x - 4 scrolls of immolation
 E - 2 scrolls of enchant armour
 P - 5 scrolls of magic mapping
 W - 4 scrolls of summoning
Potions
 b - 8 potions of heal wounds
 d - 11 potions of might
 l - 16 potions of lignification
 m - 8 potions of ambrosia
 o - 20 potions of curing
 q - 10 potions of flight
 w - 10 potions of mutation
 z - 4 potions of haste
 C - 5 potions of magic
 I - 21 potions of attraction
 O - a potion of resistance
 T - 3 potions of cancellation
 Y - 3 potions of berserk rage
Miscellaneous
 e - a tin of tremorstones (2/2)


   Skills:
 O Level 27 Fighting
 - Level 8.2(19.0) Axes
 * Level 26.2(26.6) Polearms
 - Level 6.0 Throwing
 * Level 24.9 Armour
 * Level 24.6 Dodging
 * Level 24.2 Shields
 + Level 17.9 Invocations
 - Level 6.0 Evocations


You had 26 spell levels left.
You didn't know any spells.
Your spell library contained the following spells:

 Spells                   Type           Power      Damage    Failure   Level
 Apportation              Tloc           0%         N/A       99%         1
 Foxfire                  Conj/Fire      0%         2x1d4     99%         1
 Magic Dart               Conj           0%         1d3       99%         1
 Necrotise                Necr           0%         1d4       99%         1
 Sandblast                Erth           0%         2d4       99%         1
 Shock                    Conj/Air       0%         1d3       99%         1
 Slow                     Hex            0%         N/A       99%         1
 Summon Small Mammal      Summ           0%         N/A       99%         1
 Blink                    Tloc           0%         N/A       100%        2
 Call Imp                 Summ           0%         N/A       100%        2
 Ensorcelled Hibernation  Hex/Ice        0%         N/A       100%        2
 Passwall                 Tmut/Erth      0%         N/A       100%        2
 Poisonous Vapours        Pois/Air       0%         N/A       100%        2
 Searing Ray              Conj           0%         2d4       100%        2
 Static Discharge         Conj/Air       0%         3-3/arc   100%        2
 Sublimation of Blood     Necr           0%         N/A       100%        2
 Wereblood                Tmut           0%         N/A       100%        2
 Call Canine Familiar     Summ           0%         N/A       100%        3
 Confusing Touch          Hex            0%         N/A       100%        3
 Conjure Flame            Conj/Fire      0%         6-21      100%        3
 Dazzling Flash           Conj/Hex       0%         N/A       100%        3
 Frozen Ramparts          Ice            0%         1d1       100%        3
 Gell's Gravitas          Tloc           0%         N/A       100%        3
 Ignite Poison            Fire/Tmut/Pois 0%         N/A       100%        3
 Inner Flame              Hex/Fire       0%         N/A       100%        3
 Lesser Beckoning         Tloc           0%         N/A       100%        3
 Mephitic Cloud           Conj/Pois/Air  0%         N/A       100%        3
 Ozocubu's Armour         Ice            0%         N/A       100%        3
 Portal Projectile        Hex/Tloc       0%         N/A       100%        3
 Spider Form              Tmut/Pois      0%         N/A       100%        3
 Stone Arrow              Conj/Erth      0%         3d7       100%        3
 Summon Guardian Golem    Hex/Summ       0%         N/A       100%        3
 Swiftness                Air            0%         N/A       100%        3
 Teleport Other           Tloc           0%         N/A       100%        3
 Tukima's Dance           Hex            0%         N/A       100%        3
 Vampiric Draining        Necr           0%         2d6       100%        3
 Airstrike                Air            0%         2d(0-16)  100%        4
 Anguish                  Hex/Necr       0%         N/A       100%        4
 Cause Fear               Hex            0%         N/A       100%        4
 Corpse Rot               Necr/Pois/Air  0%         N/A       100%        4
 Flame Wave               Conj/Fire      0%         2d4       100%        4
 Fulminant Prism          Conj/Hex       0%         3d6       100%        4
 Ice Form                 Ice/Tmut       0%         N/A       100%        4
 Iskenderun's Mystic Bla  Conj/Tloc      0%         2d3       100%        4
 Leda's Liquefaction      Hex/Erth       0%         N/A       100%        4
 Passage of Golubria      Tloc           0%         N/A       100%        4
 Petrify                  Tmut/Erth      0%         N/A       100%        4
 Summon Ice Beast         Ice/Summ       0%         N/A       100%        4
 Summon Lightning Spire   Summ/Air       0%         N/A       100%        4
 Alistair's Intoxication  Tmut/Pois      0%         N/A       100%        5
 Blade Hands              Tmut           0%         N/A       100%        5
 Borgnjor's Vile Clutch   Necr/Erth      0%         N/A       100%        5
 Fireball                 Conj/Fire      0%         3d3       100%        5
 Freezing Cloud           Conj/Ice/Air   0%         6-21      100%        5
 Iskenderun's Battlesphe  Conj           0%         2d6       100%        5
 Lee's Rapid Deconstruct  Erth           0%         3d5*      100%        5
 Lightning Bolt           Conj/Air       0%         1d11      100%        5
 Manifold Assault         Tloc           0%         N/A       100%        5
 Metabolic Englaciation   Hex/Ice        0%         N/A       100%        5
 Summon Forest            Summ/Tloc      0%         N/A       100%        5
 Yara's Violent Unravell  Hex/Tmut       0%         3d3       100%        5
 Conjure Ball Lightning   Conj/Air       0%         3x3d6     100%        6
 Dispersal                Tloc           0%         N/A       100%        6
 Eringya's Noxious Bog    Tmut/Pois      0%         N/A       100%        6
 Simulacrum               Ice/Necr       0%         N/A       100%        6
 Starburst                Conj/Fire      0%         6d3       100%        6
 Statue Form              Tmut/Erth      0%         N/A       100%        6
 Enfeeble                 Hex            0%         N/A       100%        7
 Orb of Destruction       Conj           0%         9d5       100%        7
 Spellforged Servitor     Conj/Summ      0%         N/A       100%        7
 Storm Form               Tmut/Air       0%         N/A       100%        7
 Summon Hydra             Summ           0%         N/A       100%        7
 Discord                  Hex            0%         N/A       100%        8
 Ignition                 Fire           0%         3d3       100%        8
 Lehudib's Crystal Spear  Conj/Erth      0%         10d2      100%        8
 Maxwell's Capacitive Co  Air            0%         ∞         100%        8


Dungeon Overview and Level Annotations

Branches:
Dungeon (15/15)            Temple (1/1) D:5            Lair (5/5) D:11
  Swamp (4/4) Lair:2       Spider (4/4) Lair:2        Slime (5/5) Lair:4
    Orc (2/2) D:10            Elf (3/3) Orc:2        Vaults (5/5) D:13
  Crypt (3/3) Vaults:2       Tomb (1/3) Crypt:3      Depths (4/4) D:15
   Hell (visited)             Dis (0/7) Hell            Geh (1/7) Hell
    Coc (0/7) Hell            Tar (2/7) Hell            Zot (5/5) Depths:4
  IceCv (visited)         Desolation (visited)

Altars:
Ashenzari
Cheibriados
Dithmenos
Elyvilon
Fedhas
Gozag
Hepliaklqana
Kikubaaqudgha
Makhleb
Nemelex Xobeh
Okawaru
Qazlal
Ru
Sif Muna
Trog
Uskayaw
Vehumet
Wu Jian
Xom
Yredelemnul
Zin
The Shining One
Jiyva
Lugonu

Shops:
D:7 *   Orc:2 ?!=[!   Elf:2 :==   Elf:3 [   Vaults:2 *   Vaults:4 ?
Depths:4 [

Portals:
Hell: Depths:1 Depths:2 Depths:3 Depths:4
Abyss: Lair:5 Depths:1 Depths:2 Depths:3
Pandemonium: Depths:2 Depths:4

Annotations:
D:13 3 runed translucent doors, Liimbo's ghost, journeyman FoWn
D:14 2 transporters, Jogov's ghost, journeyman DgHW
Lair:5 2 transporters, exclusions: ice statue and oklob plant, Colgate's ghost, journeyman FoHu
Elf:1 1 runed translucent door
Depths:4 3 runed translucent doors, Pikuto's ghost, adept MiBe


Innate Abilities, Weirdness & Mutations

You have a pair of horns on your head.
You reflexively headbutt those who attack you in melee.
You are partially covered in iridescent scales. (AC +2)
You are agile. (Dex +4, Str/Int -1)
Your body sometimes deteriorates upon taking damage.
Your magical capacity is low. (-10% MP)
You are strong-willed. (Will+)
You are somewhat resistant to further mutation.
You occasionally lose the ability to read scrolls when taking damage.


Message History

The damnation engulfs the hellion.
The hellion completely resists.
The hellion gestures at you.
The sphere of damnation explodes!
The damnation engulfs you!!
* * * LOW HITPOINT WARNING * * *
The damnation engulfs the hellion.
The hellion completely resists.
You feel much better. You block the hellion's attack.
The hellion gestures at you.
The sphere of damnation explodes!
The damnation engulfs you!!
* * * LOW HITPOINT WARNING * * *
The damnation engulfs the hellion.
The hellion completely resists.
The damnation engulfs the hellion.
The hellion completely resists.
The hellion gestures at you.
The sphere of damnation explodes!
The damnation engulfs you!! The Shining One protects you from harm!
The damnation engulfs the hellion.
The hellion completely resists.
The damnation engulfs the hellion.
The hellion completely resists.
You block the hellion's attack. x2
You feel much better.
The hellephant blinks! x2
The hellion gestures at you.
The sphere of damnation explodes!
The damnation engulfs you!
* * * LOW HITPOINT WARNING * * *
The damnation engulfs the hellion.
The hellion completely resists.
The damnation engulfs the hellion.
The hellion completely resists.
The hellion gestures at you.
The sphere of damnation explodes!
The damnation engulfs you!
* * * LOW HITPOINT WARNING * * *
The damnation engulfs the hellion.
The hellion completely resists.
The damnation engulfs the hellion.
The hellion completely resists.
You block the hellion's attack. x2
You feel much better.
Your extra speed is starting to run out.
The hellion gestures at you.
The sphere of damnation explodes!
The damnation engulfs you!!
* * * LOW HITPOINT WARNING * * *
The damnation engulfs the hellion.
The hellion completely resists.
The damnation engulfs the hellion.
The hellion completely resists.
You block the hellion's attack. The hellion gestures at you.
The sphere of damnation explodes!
The damnation engulfs you!!
You die...

..≈≈≈§..§§≈...)..†∩#
.§§≈§§..≈≈§≈§.....)##
.§§≈≈...≈≈.§§≈≈≈≈.).#
..≈≈§≈§§§....)≈≈...##
§§≈§§≈≈.≈§..≈§≈...##
.≈≈≈§≈≈..§..≈≈≈≈÷).#
...≈.≈≈........≈...#
......≈......Y.....#
≈..........§§..2@.##
≈§≈≈≈≈≈.§..§§§222##
≈≈§≈§≈≈≈≈..§≈§.2p###
≈≈§≈§≈§≈≈...≈≈pp2..#
≈≈≈≈§≈§≈....22.#.Y##
..≈§.§§§.....Y.##..#
...§...^.....2....##
.....§.....Y.......#####
##............2........#


You could see 4 hellephants, 3 balrugs, 3 hell knights and 6 hellions.

Vanquished Creatures
  the Royal Jelly (Slime:5)
  3 dread liches
  An orb of fire (Zot:2)
  4 ancient liches
  Mennas (Crypt:1)
  Vv (Crypt:1)
  Frederick (Vaults:3)
  Josephina (Crypt:3)
  Margery (Vaults:3)
  Saint Roka (Crypt:2)
  3 curse toes
  Geryon (Hell)
  2 Killer Klowns
  7 golden dragons
  Nikola (Vaults:3)
  A pearl dragon (Abyss:3)
  Arachne (Spider:2)
  A profane servitor (Hell)
  6 bone dragons
  the Enchantress (Depths:3)
  4 Tzitzimimeh
  A doom hound (Hell)
  16 tentacled monstrosities
  A hellephant (Depths:2)
  Rupert (D:13)
  9 Orb Guardians (Zot:5)
  5 liches
  A tainted leviathan (Tar:1)
  A searing wretch (Hell)
  Asterion (Elf:2)
  3 deep elf blademasters
  3 quicksilver dragons
  13 acid blobs
  5 titans (Vaults:5)
  2 deep elf master archers (Elf:3)
  Murray (Depths:2)
  12 sphinxes
  11 shadow dragons
  4 death cobs
  8 ancient champions
  2 thorn hunters
  3 tentacled starspawn (Abyss:3)
  Gastronok (Lair:2)
  Donald (Crypt:1)
  Kirke (Swamp:3)
  5 tengu reavers
  12 rockslimes
  4 draconian monks
  13 storm dragons
  Roxanne (Spider:2)
  7 azure jellies (Slime:5)
  2 revenants
  11 fire giants
  9 frost giants
  10 ghost moths
  5 iron dragons
  6 draconian knights
  2 imperial myrmidons (Desolation)
  A shard shrike simulacrum (Crypt:3)
  2 orc warlords
  2 balrugs
  11 deep elf sorcerers
  7 draconian shifters
  A caustic shrike zombie (Abyss:3)
  3 spectral juggernauts
  6 spectral caustic shrikes
  16 vault wardens
  A cacodemon (Hell)
  An emperor scorpion (Spider:4)
  6 draconian scorchers
  3 war gargoyles
  9 draconian stormcallers
  3 curse skulls (Crypt:2)
  11 ghouls
  27 ironbound preservers
  4 deep elf elementalists (Elf:3)
  6 broodmothers
  7 quicksilver oozes (Slime:5)
  5 reapers
  14 stone giants
  5 draconian annihilators
  5 spriggan defenders (Depths:3)
  17 very ugly things
  A juggernaut skeleton (Depths:3)
  A caustic shrike skeleton (Depths:3)
  6 bennus (Tomb:1)
  12 vampire knights
  18 green draconians
  4 ironbound thunderhulks
  12 yellow draconians
  3 eleionomae
  7 spectral titans
  12 black draconians
  14 red draconians
  5 bunyips
  11 white draconians
  3 deep elf demonologists (Elf:3)
  8 dire elephants
  A lorocyproca (Depths:2)
  2 spark wasps
  10 deep elf annihilators
  2 halazid warlocks (Desolation)
  6 entropy weavers
  6 purple draconians
  9 eidola
  6 deep elf death magi
  2 blizzard demons (Hell)
  8 ettins
  3 spectral golden dragons (Depths:3)
  A green death (Depths:4)
  4 fire dragons
  A spectral quicksilver dragon (Depths:3)
  2 crystal guardians (Desolation)
  A quicksilver dragon zombie (Crypt:3)
  A merfolk impaler (Depths:1)
  7 mummy priests
  A merfolk javelineer (Depths:2)
  17 jiangshi
  A shambling mangrove (Swamp:4)
  3 spectral spriggans
  8 deep elf high priests
  12 hydras
  12 great orbs of eyes
  16 yaktaur captains
  A spectral fenstrider witch (Tar:1)
  Fannar (D:12)
  31 vault guards
  7 ragged hierophants (Desolation)
  2 rakshasas
  4 servants of whispers (Desolation)
  7 boulder beetles
  7 ice dragons
  3 jorogumos
  5 ogre magi
  A juggernaut simulacrum (Depths:3)
  A salamander tyrant (Hell)
  2 spectral tengu (Depths:3)
  A peacekeeper (Desolation)
  3 spectral shadow dragons
  A spectral sphinx (Depths:3)
  17 centaur warriors
  11 ironbound frosthearts
  3 spriggan skeletons
  2 caustic shrike simulacra (Depths:3)
  14 two-headed ogres
  23 dancing weapons
  3 radroaches
  A fenstrider witch skeleton (Crypt:2)
  4 ghost crabs
  5 deep troll shamans
  16 hell hogs
  5 spriggan air magi
  2 catoblepae
  7 alligators
  A spectral fire giant (Depths:3)
  8 death yaks
  7 tengu warriors
  A stoker (Geh:1)
  2 death knights
  39 death scarabs (Tomb:1)
  A spectral frost giant (Depths:3)
  10 thrashing horrors
  10 deep troll earth magi
  4 orc high priests
  10 soul eaters
  17 vampire magi
  4 sun demons
  3 spectral storm dragons
  10 deep elf knights
  7 hell knights
  6 shadow wraiths
  3 wretched stars (Abyss:3)
  13 skeletal warriors
  2 spectral bunyips (Tar:1)
  A spatial maelstrom (Abyss:3)
  A golden dragon zombie (Crypt:1)
  2 goliath frogs
  8 iron trolls
  An anaconda zombie (Hell)
  A bunyip zombie (Crypt:1)
  A sixfirhy (Abyss:3)
  2 death drakes
  2 spriggan druids
  3 pharaoh ants
  3 sun moths (Spider:4)
  A titan skeleton (Crypt:1)
  2 glowing orange brains
  20 bog bodies
  102 deep trolls
  21 ironbound convokers
  5 flayed ghosts
  5 steelbarb worms
  6 orb spiders
  3 orange crystal statues
  A quicksilver dragon simulacrum (Depths:3)
  2 spectral iron dragons (Depths:3)
  A golden dragon skeleton (Crypt:1)
  7 swamp dragons
  8 lindwurms
  6 wizards
  5 goliath frog zombies (Swamp:2)
  17 deep elf archers
  6 spectral hydras
  An anaconda skeleton (Hell)
  20 phantasmal warriors
  A shadow dragon zombie (Vaults:3)
  31 deep elf zephyrmancers
  21 wolf spiders
  12 necromancers
  38 ugly things
  A manticore (shapeshifter) (Depths:3)
  8 orc knights
  3 shining eyes (Slime:5)
  29 deep elf pyromancers
  4 will-o-the-wisps
  A worldbinder (Abyss:3)
  12 cyclopes
  7 manticores
  11 elephants
  7 orc sorcerers
  3 centaur zombies
  2 dire elephant zombies
  8 rust devils
  A spectral alligator snapping turtle (Tar:1)
  17 vault sentinels
  24 moths of wrath
  7 black mambas
  2 titan simulacra (Depths:3)
  An ice statue (IceCv)
  A guardian serpent (shapeshifter) (Lair:5)
  7 guardian serpents
  A fire giant skeleton (Crypt:1)
  An eye of devastation (Slime:5)
  9 smoke demons
  2 orange demons
  4 torpor snails
  2 centaur skeletons
  A molten gargoyle (D:14)
  A storm dragon simulacrum (Depths:3)
  A hellion (Tar:1)
  7 swamp worm zombies
  6 gargoyles
  6 cane toads
  31 yaktaurs
  A spectral human (Depths:3)
  3 freezing wraiths
  A rime drake (Lair:3)
  3 tormentors
  A catoblepas zombie (Crypt:1)
  10 demonic crawlers
  A bunyip simulacrum (Crypt:3)
  2 ice devils
  10 komodo dragons
  12 guardian mummies
  A steelbarb worm zombie (Crypt:2)
  A hellwing (Depths:4)
  A harpy zombie (Hell)
  A spectral harpy (Tar:1)
  A spectral naga (Tar:1)
  4 tengu conjurers
  A spectral demonspawn (Tar:1)
  5 meliai
  2 ancient zymes
  A golden dragon simulacrum (Depths:3)
  A hydra zombie (Swamp:4)
  3 shadow dragon simulacra
  A polar bear (Lair:4)
  2 meliai (shapeshifter)
  3 trolls
  28 tarantellas
  2 tengu simulacra (Depths:3)
  101 slime creatures
  34 saltlings (Desolation)
  A wind drake (shapeshifter) (Vaults:5)
  2 bloated husks (Swamp:3)
  3 sphinx simulacra (Depths:3)
  11 tyrant leeches
  11 hornets
  A wolf spider simulacrum (D:13)
  4 harpy skeletons
  An ettin zombie (Crypt:1)
  Grinder (D:3)
  7 raiju (Abyss:3)
  21 blink frogs
  11 large abominations
  A raiju (shapeshifter) (D:13)
  A culicivora (shapeshifter) (Vaults:5)
  A jumping spider (shapeshifter) (Abyss:3)
  A centaur simulacrum (Crypt:3)
  4 spectral swamp dragons
  11 alligator zombies
  29 jumping spiders
  3 air elementals
  9 flying skulls
  An elf skeleton (Vaults:3)
  3 ettin skeletons
  A vampire (D:9)
  An ice dragon skeleton (Tomb:1)
  Sigmund (D:3)
  16 starcursed masses (Abyss:3)
  An ushabti (Tomb:1)
  A ynoxinul (Lair:5)
  18 culicivoras
  2 wyverns
  2 dire elephant simulacra (IceCv)
  26 water elementals
  2 shadows (D:11)
  4 tyrant leech zombies
  14 wraiths
  5 hogs (Swamp:3)
  A human (shapeshifter) (Abyss:3)
  43 yaks
  A fire elemental (Elf:2)
  17 spriggans
  7 neqoxecs (Abyss:3)
  A hog (shapeshifter) (D:15)
  4 steam dragons
  4 chaos spawn
  7 basilisks
  50 redbacks
  11 vampire mosquitoes
  2 harpy simulacra (IceCv)
  3 death yak simulacra (IceCv)
  13 swamp worms
  13 small abominations
  4 wargs
  Menkaure (D:4)
  A spatial vortex (Abyss:3)
  6 acid dragons
  16 water moccasins
  2 merfolk skeletons
  A hydra simulacrum (IceCv)
  A floating eye (Depths:3)
  7 hell hounds
  Duvessa (D:4)
  2 swamp drakes (Swamp:3)
  6 swamp dragon zombies (Swamp:4)
  A naga skeleton (Crypt:1)
  12 ogres
  2 black bears (D:5)
  A hornet zombie (Crypt:3)
  A snapping turtle zombie (Crypt:1)
  An elephant zombie (Crypt:1)
  27 orc warriors
  A tengu (shapeshifter) (D:12)
  18 wolves
  9 centaurs
  An elf simulacrum (Vaults:3)
  6 phantoms
  2 kobold brigands
  An earth elemental (Elf:1)
  8 bullfrogs
  2 gnoll sergeants
  2 cane toad simulacra
  5 necrophages
  5 scorpions
  4 two-headed ogre simulacra (IceCv)
  A glowing shapeshifter simulacrum (Depths:3)
  A wyvern skeleton (Crypt:1)
  A komodo dragon skeleton (Crypt:3)
  7 wights
  Dowan (D:4)
  2 elephant simulacra (IceCv)
  3 spriggan zombies
  5 killer bees
  A raiju skeleton (Crypt:3)
  4 crimson imps (Depths:1)
  5 hounds
  4 jellies
  12 orc priests
  A gnoll bouda (D:8)
  An iron imp (Abyss:3)
  4 iguanas
  Ijyb (D:3)
  Natasha (twice) (D:2)
  26 orc wizards
  3 polar bear simulacra
  3 spectral swamp drakes (Swamp:4)
  8 spriggan simulacra
  7 troll simulacra (IceCv)
  An acid dragon skeleton (Crypt:1)
  Robin (D:3)
  7 mummies (Tomb:1)
  14 gnolls
  12 naga simulacra (IceCv)
  11 adders
  A river rat (D:5)
  A swamp drake zombie (Swamp:4)
  2 shadow imps
  A steam dragon skeleton (Crypt:1)
  5 white imps
  8 ufetubi
  An adder skeleton (Crypt:1)
  2 iguana skeletons
  A lava snake skeleton (Crypt:3)
  4 worms
  3 dart slugs
  73 orcs
  6 ball pythons
  4 bats
  6 endoplasms
  7 giant cockroaches
  22 goblins
  16 hobgoblins
  8 jackals
  16 kobolds
  11 quokkas
  A ball python skeleton (Crypt:2)
  A butterfly zombie (Crypt:1)
  4 frilled lizards
  A gnoll skeleton (Crypt:2)
  3 rats (D:5)
  A river rat skeleton (Crypt:3)
  2 briar patches (Swamp:3)
  5 butterflies (Elf:3)
  A creeping inferno (Geh:1)
  6 fire vortices
  2 lurking horrors (Abyss:3)
  7 starspawn tentacles (Abyss:3)
2795 creatures vanquished.

Vanquished Creatures (collateral kills)
  A tentacled monstrosity (Vaults:5)
  A titan (Vaults:5)
  A lich (Vaults:5)
  A tengu reaver (Vaults:5)
  2 very ugly things (Vaults:5)
  2 vault guards (Vaults:5)
  A dancing weapon (Vaults:5)
  A phantasmal warrior (Vaults:5)
  A vault sentinel (Vaults:5)
  A hornet (Vaults:5)
  A starspawn tentacle (Abyss:3)
13 creatures vanquished.

Vanquished Creatures (others)
  A golden dragon (Zot:3)
  A fire giant (Geh:1)
  A draconian knight (Zot:3)
  2 necromancers (Hell)
  3 phantasmal warriors
  A deep elf zephyrmancer (Elf:1)
  A rust devil (Hell)
  4 bloated husks (Swamp:4)
  A vampire mosquito (Swamp:4)
  2 hell hounds (Hell)
  An orc priest (Orc:1)
  2 orcs
  10 briar patches (Swamp:3)
  2 creeping infernos (Hell)
  14 foxfires (Swamp:4)
  16 fungi
  A lurking horror (Abyss:3)
  70 plants
  11 starspawn tentacles (Abyss:3)
  2 withered plants (Swamp:2)
146 creatures vanquished.

Grand Total: 2954 creatures vanquished

Notes
Turn   | Place    | Note
-------+----------+-------------------------------------------
     0 | D:1      | Decritt7 the Minotaur Fighter began the quest for the Orb.
     0 | D:1      | Reached XP level 1. HP: 19/19 MP: 0/0
   536 | D:1      | Reached XP level 2. HP: 25/27 MP: 1/1
   590 | D:1      | Reached skill level 4 in Fighting
   772 | D:1      | Reached XP level 3. HP: 30/33 MP: 2/2
   908 | D:1      | Found a faded altar of an unknown god.
  1756 | D:2      | Reached skill level 1 in Dodging
  1762 | D:2      | Reached XP level 4. HP: 31/41 MP: 3/3
  2070 | D:2      | Noticed Natasha
  2084 | D:2      | Killed Natasha
  2178 | D:2      | Noticed Natasha
  2182 | D:2      | Killed Natasha
  2465 | D:3      | Reached XP level 5. HP: 46/47 MP: 4/4
  2482 | D:3      | Noticed Robin
  2485 | D:3      | Reached skill level 5 in Fighting
  2491 | D:3      | Killed Robin
  2800 | D:3      | Noticed Ijyb
  2808 | D:3      | Killed Ijyb
  3047 | D:3      | Noticed Grinder
  3055 | D:3      | Killed Grinder
  3056 | D:3      | Reached XP level 6. HP: 31/57 MP: 5/5
  3332 | D:3      | Noticed Sigmund
  3343 | D:3      | Killed Sigmund
  3344 | D:3      | Reached skill level 6 in Fighting
  3344 | D:3      | Reached skill level 5 in Axes
  3344 | D:3      | Reached XP level 7. HP: 42/63 MP: 6/6
  3581 | D:3      | Found a hazy altar of Hepliaklqana.
  3648 | D:4      | Reached skill level 5 in Armour
  3648 | D:4      | Reached skill level 5 in Shields
  3718 | D:4      | Noticed Menkaure
  3730 | D:4      | Killed Menkaure
  4178 | D:4      | Noticed Dowan
  4179 | D:4      | Noticed Duvessa
  4192 | D:4      | Killed Duvessa
  4193 | D:4      | Reached skill level 7 in Fighting
  4193 | D:4      | Killed Dowan
  4194 | D:4      | Reached XP level 8. HP: 28/73 MP: 7/7
  4577 | D:4      | Paralysed by an orc for 5 turns
  4587 | D:4      | Identified the +4 ring mail of Ejeblil {*Corrode Str+8
                  | Int+4 Stlth+}
  4620 | D:4      | Identified the +1 kite shield of the Villain {rF+}
  4812 | D:4      | Identified the ring "Byesirebar" {Ice Contam Str+4 Dex+2
                  | SInv}
  4888 | D:5      | Entered Level 5 of the Dungeon
  4999 | D:5      | Found a staircase to the Ecumenical Temple.
  5005 | Temple   | Entered the Ecumenical Temple
  5070 | Temple   | Became a worshipper of Elyvilon the Healer
  5112 | D:5      | Identified the +9 hand axe of the Firefly {holy, Dex+3}
  5295 | D:5      | Found a glowing golden altar of the Shining One.
  5325 | D:5      | Fell from the grace of Elyvilon
  5325 | D:5      | Became a worshipper of the Shining One
  5651 | D:5      | Reached skill level 8 in Fighting
  5697 | D:5      | Found a snail-covered altar of Cheibriados.
  5697 | D:5      | Found a sparkling altar of Nemelex Xobeh.
  5941 | D:6      | Reached XP level 9. HP: 82/82 MP: 8/8
  5999 | D:6      | Reached * piety under the Shining One
  6338 | D:6      | Found an iron altar of Okawaru.
  6679 | D:7      | Found a stormy altar of Qazlal.
  6785 | D:7      | Found Ujubov's Assorted Antiques.
  7020 | D:7      | Reached skill level 1 in Polearms
  7073 | D:7      | Found a glowing silver altar of Zin.
  7096 | D:7      | Reached skill level 5 in Dodging
  7322 | D:7      | Reached skill level 9 in Fighting
  7349 | D:7      | Found an opulent altar of Gozag.
  7536 | D:8      | Found a shadowy altar of Dithmenos.
  7809 | D:8      | Found a hide-covered altar of Uskayaw.
  7930 | D:8      | Found a sacrificial altar of Ru.
  8221 | D:9      | Identified the +6 quarterstaff "Arcanum" {elec, Int+9}
  8332 | D:9      | Noticed a two-headed ogre
  8337 | D:9      | Killed a two-headed ogre
  8338 | D:9      | Reached XP level 10. HP: 93/93 MP: 9/9
  8364 | D:9      | Reached skill level 10 in Fighting
  8729 | D:10     | Entered Level 10 of the Dungeon
  8740 | D:9      | Reached ** piety under the Shining One
  8741 | D:9      | Reached skill level 5 in Polearms
  9655 | D:10     | Reached skill level 1 in Invocations
  9859 | D:10     | Found a shimmering blue altar of Sif Muna.
  9908 | D:10     | Noticed a two-headed ogre
  9914 | D:10     | Killed a two-headed ogre
  9915 | D:10     | Reached skill level 11 in Fighting
 10078 | D:10     | Noticed a gargoyle
 10101 | D:10     | Killed a gargoyle
 10492 | D:10     | Found a staircase to the Orcish Mines.
 10546 | D:10     | Noticed a catoblepas
 10597 | D:10     | Killed a catoblepas
 10863 | D:10     | Noticed a phantasmal warrior
 10870 | D:10     | Killed a phantasmal warrior
 10871 | D:10     | Reached XP level 11. HP: 102/102 MP: 11/11
 10871 | D:10     | Noticed a phantasmal warrior
 10881 | D:10     | Killed a phantasmal warrior
 11086 | D:10     | Found the +3 pair of seven-league boots {Rampage+∞}
 11456 | D:11     | Noticed a two-headed ogre
 11630 | D:11     | Killed a two-headed ogre
 11631 | D:11     | Reached skill level 12 in Fighting
 11917 | D:11     | Noticed a two-headed ogre
 11921 | D:11     | Killed a two-headed ogre
 11930 | D:11     | Noticed a two-headed ogre
 11938 | D:11     | Killed a two-headed ogre
 12394 | D:11     | Noticed a two-headed ogre
 12403 | D:11     | Killed a two-headed ogre
 12537 | D:11     | Reached XP level 12. HP: 101/113 MP: 14/14
 12540 | D:11     | Reached skill level 13 in Fighting
 12578 | D:11     | Found a staircase to the Lair.
 12721 | D:12     | Noticed an ogre mage
 12728 | D:12     | Killed an ogre mage
 12729 | D:12     | Reached skill level 10 in Polearms
 13037 | D:12     | Found a shimmering blue altar of Sif Muna.
 13087 | D:12     | Found a runed translucent door.
 13106 | D:12     | Noticed a four-headed hydra
 13728 | D:12     | Found a runed translucent door.
 13872 | D:12     | Reached *** piety under the Shining One
 13877 | D:12     | Reached skill level 10 in Armour
 13878 | D:12     | Found a sacrificial altar of Ru.
 13929 | D:12     | Reached skill level 10 in Shields
 13933 | D:12     | Reached skill level 5 in Invocations
 14094 | D:12     | Noticed a two-headed ogre
 14478 | Lair:1   | Entered Level 1 of the Lair of Beasts
 14585 | Lair:1   | Identified a scroll of acquirement
 14585 | Lair:1   | Acquired the +0 hat of the True Pharaoh {Harm +Inv rElec
                  | Str+6}
 15170 | Lair:1   | Reached skill level 14 in Fighting
 15174 | Lair:1   | Found a bloodstained altar of Trog.
 15624 | Lair:2   | Noticed a death yak
 15633 | Lair:2   | Noticed a death yak
 15635 | Lair:2   | Noticed a death yak
 15636 | Lair:2   | Noticed a death yak
 15655 | Lair:1   | Killed a death yak
 16280 | Lair:2   | Found a hole to the Spider Nest.
 16398 | Lair:2   | Found a staircase to the Swamp.
 16482 | Lair:2   | Reached XP level 13. HP: 105/124 MP: 16/16
 16579 | Lair:2   | Noticed Gastronok
 16593 | Lair:2   | Killed Gastronok
 17609 | Lair:3   | Found a frozen archway.
 17632 | IceCv    | Entered an ice cave
 17632 | IceCv    | Reached **** piety under the Shining One
 17762 | IceCv    | Reached ***** piety under the Shining One
 18285 | IceCv    | Noticed a reaper
 18304 | IceCv    | Killed a reaper
 18523 | Lair:3   | Reached skill level 15 in Fighting
 18650 | Lair:3   | Identified the +1 scale mail of Yreurph {Dex+5}
 18933 | D:7      | Bought the +8 lance "Wyrmbane" {slay drac, rPois rF+ rC+
                  | AC+3} for 1454 gold pieces
 18933 | D:7      | Found the +8 lance "Wyrmbane" {slay drac, rPois rF+ rC+
                  | AC+3}
 19435 | Lair:3   | Reached ****** piety under the Shining One
 19656 | Lair:4   | Identified the +1 spear of Extinguishment {elec, rF+ Str+3}
 19801 | Lair:4   | Identified the +4 long sword "Cemulaujue" {vorpal, rCorr
                  | Int+3}
 19821 | Lair:4   | Found a viscous altar of Jiyva.
 19822 | Lair:4   | Found a staircase to the Slime Pits.
 20566 | Lair:5   | Entered Level 5 of the Lair of Beasts
 20913 | Lair:5   | Reached XP level 14. HP: 116/136 MP: 17/17
 21045 | Lair:5   | Reached skill level 16 in Fighting
 21440 | Lair:5   | Found a corrupted altar of Lugonu.
 21440 | Lair:5   | Found a one-way gate to the infinite horrors of the Abyss.
 21519 | Lair:5   | Got the Quarto of Weather
 21707 | Lair:5   | Found a transporter.
 21707 | Lair:5   | Found a transporter.
 21762 | Lair:5   | Found an ornate altar of the Wu Jian Council.
 21762 | Lair:5   | Found a hide-covered altar of Uskayaw.
 22300 | Lair:4   | Reached skill level 10 in Dodging
 22801 | Lair:5   | Noticed Colgate's ghost (journeyman FoHu)
 23516 | D:12     | Noticed Fannar
 23539 | D:12     | Killed Fannar
 23927 | D:13     | Gained mutation: You occasionally lose the ability to drink
                  | potions when taking damage. [mutagenic glow]
 24208 | D:13     | Found a runed translucent gate.
 24208 | D:13     | Found a runed translucent gate.
 24210 | D:13     | Found a runed translucent gate.
 24211 | D:13     | Identified the +1 leather armour "Dusoar" {rN++ Int+3 SInv}
 24273 | D:13     | Reached skill level 17 in Fighting
 24687 | D:13     | Found a gate to the Vaults.
 24687 | D:13     | Noticed an ironbound preserver
 24714 | D:12     | Reached XP level 15. HP: 93/147 MP: 18/18
 25245 | D:13     | Acquired a +4 ring of slaying
 25890 | D:14     | Found a transporter.
 25890 | D:14     | Noticed Jogov's ghost (journeyman DgHW)
 26535 | D:13     | Found a runed translucent gate.
 26535 | D:13     | Found a runed translucent gate.
 26538 | D:13     | Found a runed translucent gate.
 26538 | D:13     | Noticed a tentacled monstrosity
 26538 | D:13     | Noticed Liimbo's ghost (journeyman FoWn)
 26881 | D:14     | Found a transporter.
 26884 | D:14     | Identified the +8 mace "Duriddio" {venom, rPois Str+7
                  | Int-3}
 27082 | D:14     | Noticed Rupert
 27097 | D:14     | Paralysed by Rupert for 5 turns
 27113 | D:13     | Killed Rupert
 27612 | D:15     | Entered Level 15 of the Dungeon
 27786 | D:15     | Reached skill level 15 in Polearms
 28299 | D:15     | Found a staircase to the Depths.
 28564 | Orc:1    | Entered Level 1 of the Orcish Mines
 28651 | Orc:2    | Entered Level 2 of the Orcish Mines
 28669 | Orc:2    | Found a staircase to the Elven Halls.
 28854 | Orc:2    | Found Riax Koo's Magic Scroll Shop.
 28941 | Orc:2    | Paralysed by an orc sorcerer for 2 turns
 29397 | Orc:2    | Found Numocisch's Antique Armour Boutique.
 29397 | Orc:2    | Found Tucsoesh's Distillery.
 29399 | Orc:2    | Found Liumuwa's Distillery.
 29399 | Orc:2    | Found Suvywy's Jewellery Emporium.
 30031 | Orc:1    | Noticed an orc warlord
 30062 | Orc:2    | Killed an orc warlord
 30394 | Orc:1    | Found a bloodstained altar of Trog.
 30542 | Orc:2    | Bought a scroll of acquirement for 936 gold pieces
 30542 | Orc:2    | Acquired the +13 crystal plate armour "Xisowauw" {Harm rN+}
 30791 | Spider:1 | Entered Level 1 of the Spider Nest
 30800 | Spider:1 | Reached skill level 18 in Fighting
 30800 | Spider:1 | Reached XP level 16. HP: 149/157 MP: 1/20
 32565 | Spider:2 | Noticed Arachne
 32578 | Spider:2 | Killed Arachne
 33092 | Spider:2 | Reached skill level 15 in Armour
 33260 | Spider:2 | Identified Roxanne's Incunabulum of Bedrock
 33260 | Spider:2 | Noticed Roxanne
 33276 | Spider:2 | Killed Roxanne
 33937 | Orc:2    | Bought an amulet of reflection for 480 gold pieces
 33938 | Orc:2    | Bought a potion of heal wounds for 70 gold pieces
 35148 | Spider:4 | Entered Level 4 of the Spider Nest
 35472 | Spider:4 | Reached skill level 1 in Throwing
 35595 | Spider:3 | Reached skill level 19 in Fighting
 35635 | Spider:4 | Reached XP level 17. HP: 168/168 MP: 21/21
 35658 | Spider:4 | Reached skill level 15 in Shields
 35974 | Spider:4 | Got a gossamer rune of Zot
 36474 | Swamp:1  | Entered Level 1 of the Swamp
 37628 | Swamp:2  | Identified the +5 scale mail of Resonance {rF- Int+7}
 37973 | Swamp:2  | Identified the +8 shortbow of Calculation {flame, rC- rN+
                  | Will++}
 38130 | Swamp:2  | Reached XP level 18. HP: 178/178 MP: 23/23
 38904 | Swamp:3  | Reached skill level 20 in Fighting
 39531 | Swamp:3  | Noticed Kirke
 39546 | Swamp:3  | Killed Kirke
 39630 | Swamp:4  | Entered Level 4 of the Swamp
 40209 | Swamp:4  | Reached skill level 15 in Dodging
 41194 | Swamp:4  | Noticed a bone dragon
 41207 | Swamp:4  | Killed a bone dragon
 41759 | Swamp:4  | Identified the +3 dagger of Conformity {vorpal, Fly Str+4}
 41786 | Swamp:4  | Got a decaying rune of Zot
 42370 | Depths:1 | Entered Level 1 of the Depths
 43119 | Depths:1 | Reached skill level 5 in Throwing
 43309 | Depths:1 | Found a gateway to Hell.
 43367 | Depths:1 | Found a shimmering altar of Xom.
 43952 | Depths:1 | Identified the +4 scale mail of Umadom {Dex+2}
 44288 | Depths:2 | Found a one-way gate leading to the halls of Pandemonium.
 45024 | Depths:2 | Reached XP level 19. HP: 187/187 MP: 25/25
 46184 | Depths:3 | Reached skill level 21 in Fighting
 46368 | Depths:3 | Reached skill level 10 in Invocations
 46618 | Vaults:1 | Entered Level 1 of the Vaults
 46832 | Vaults:1 | Found a crumbling gateway.
 46837 | Desolati | Entered the Desolation of Salt
 47176 | Desolati | Identified the ring of Qeiptume {rN++ Str+6 Dex+4}
 47388 | Desolati | Identified the +0 plate armour of Poor Excuses {Int+3}
 47616 | Desolati | Identified the ring of Lugonu's Supremacy {rElec rCorr
                  | Str-4 Stlth+}
 47646 | Desolati | Identified the +8 chain mail of Experimentation {Slay+2}
 47708 | Desolati | Identified the +5 trident of Accidental Termination
                  | {protect, Fly rPois}
 47713 | Desolati | Identified the +0 pair of boots of Wuz Nek {Rampage}
 48459 | Vaults:1 | Paralysed by a great orb of eyes for 4 turns
 48695 | Vaults:1 | Identified the +11 dagger of Vis Pooq {vorpal, rCorr Str+4}
 48850 | Vaults:1 | Reached XP level 20. HP: 178/198 MP: 26/26
 49536 | Vaults:2 | Found Igyithril's Assorted Antiques.
 49839 | Vaults:2 | Reached skill level 22 in Fighting
 49980 | Vaults:2 | Found a staircase to the Crypt.
 50014 | Vaults:2 | Identified the +6 whip of Dissatisfaction {speed, Str+9}
 50736 | Vaults:3 | Noticed Frederick
 50744 | Vaults:3 | Killed Frederick
 50829 | Vaults:3 | Noticed Margery
 50858 | Vaults:3 | Killed Margery
 50993 | Vaults:3 | Found a flickering gateway to a bazaar.
 50999 | Bazaar   | Entered a bazaar
 51032 | Bazaar   | Found Bawa's Antique Weapon Shoppe.
 51043 | Bazaar   | Found Woss's Assorted Antiques.
 51048 | Bazaar   | Bought a scroll of enchant armour for 270 gold pieces
 51070 | Bazaar   | Found Nuewarod's Book Boutique.
 51086 | Bazaar   | Found Jihyexom's Distillery.
 51131 | Bazaar   | Bought a potion of curing for 33 gold pieces
 51131 | Bazaar   | Bought a potion of curing for 33 gold pieces
 51131 | Bazaar   | Bought a potion of haste for 110 gold pieces
 51131 | Bazaar   | Bought a potion of might for 44 gold pieces
 51147 | Vaults:3 | Noticed Nikola
 51156 | Vaults:3 | Killed Nikola
 51737 | Vaults:3 | Reached XP level 21. HP: 199/209 MP: 28/28
 53140 | Vaults:4 | Identified the +0 sling of Destruction {freeze, rF++}
 53666 | Vaults:4 | Reached skill level 23 in Fighting
 54085 | Vaults:4 | Found Jell's Magic Scroll Emporium.
 54092 | Vaults:4 | Bought a scroll of magic mapping for 127 gold pieces
 54092 | Vaults:4 | Bought a scroll of blinking for 127 gold pieces
 54537 | Crypt:1  | Entered Level 1 of the Crypt
 54537 | Crypt:1  | Noticed Donald
 54542 | Crypt:1  | Killed Donald
 54822 | Crypt:1  | Noticed Vv
 54851 | Crypt:1  | Killed Vv
 54993 | Crypt:1  | Noticed Mennas
 55002 | Crypt:1  | Killed Mennas
 55325 | Crypt:1  | Reached XP level 22. HP: 220/220 MP: 30/30
 56951 | Crypt:3  | Entered Level 3 of the Crypt
 56984 | Crypt:3  | Noticed a curse toe
 58251 | Vaults:5 | Entered Level 5 of the Vaults
 58260 | Vaults:5 | Identified the amulet of Ila Mio {Spirit +Blink rF+ rC+}
 58338 | Vaults:5 | Noticed a dread lich
 58931 | Vaults:5 | Killed a dread lich
 58973 | Abyss:3  | Cast into level 3 of the Abyss (a deep elf sorcerer)
 58978 | Abyss:3  | Found a corrupted altar of Lugonu.
 59319 | Abyss:3  | Reached skill level 24 in Fighting
 59362 | Vaults:5 | Escaped the Abyss
 59569 | Vaults:5 | Identified the +8 dagger "Zahop" {holy, rF+ Str+4}
 60009 | Vaults:5 | Reached XP level 23. HP: 218/231 MP: 27/31
 60041 | Vaults:5 | Identified the +6 sling "Ofahuaji" {vorpal, rF- rC++
                  | Stlth+}
 60086 | Vaults:5 | Got a silver rune of Zot
 60236 | Vaults:5 | Found the +1 cloak of Starlight {*Dazzle EV+4 Stlth--}
 60305 | Vaults:5 | Identified the +0 pair of gloves "Leutofid" {Harm rC- rCorr
                  | Dex+5}
 60934 | Vaults:5 | Identified the ring of Noong {rC+ Will++ Str-4 Int+6 Dex+4}
 61782 | Slime:1  | Entered Level 1 of the Pits of Slime
 61859 | Slime:1  | You fall into a shaft and drop 1 floor!
 61902 | Slime:4  | Reached skill level 1 in Evocations
 61941 | Slime:5  | Entered Level 5 of the Pits of Slime
 62298 | Slime:5  | Noticed the Royal Jelly
 62346 | Slime:5  | Killed the Royal Jelly
 62840 | Slime:5  | Identified the +10 short sword of Zaukhidgh {freeze, rF+
                  | rN+}
 62862 | Slime:5  | Got a slimy rune of Zot
 62863 | Slime:5  | Identified the +10 broad axe of Conservatism {elec, rC-
                  | Str+2 Dex+5}
 63326 | Elf:1    | Entered Level 1 of the Elven Halls
 63326 | Elf:1    | Found a runed translucent gate.
 63326 | Elf:1    | Found a runed translucent gate.
 63326 | Elf:1    | Found a runed translucent gate.
 63326 | Elf:1    | Found a runed translucent gate.
 63326 | Elf:1    | Found a runed translucent gate.
 63326 | Elf:1    | Found a runed translucent gate.
 63327 | Elf:1    | Found a runed translucent door.
 63332 | Elf:1    | Reached skill level 25 in Fighting
 63336 | Elf:1    | Found a runed translucent door.
 63367 | Elf:1    | Identified the +5 hand axe of Paper {pain, Str+4 Int+2}
 63995 | Elf:2    | Found a huge runed translucent gate.
 63995 | Elf:2    | Found a huge runed translucent gate.
 63995 | Elf:2    | Found a huge runed translucent gate.
 63995 | Elf:2    | Found a huge runed translucent gate.
 64000 | Elf:2    | Found a huge runed translucent gate.
 64643 | Elf:2    | Noticed Asterion
 64669 | Elf:2    | Killed Asterion
 64670 | Elf:2    | Reached XP level 24. HP: 243/243 MP: 32/32
 64913 | Elf:2    | Identified the +5 sling of Iphan {flame, rPois}
 64981 | Elf:2    | Found Fyesh's Book Shop.
 64981 | Elf:2    | Found Toezastrapnu's Jewellery Emporium.
 64982 | Elf:2    | Found Sotz's Jewellery Emporium.
 65159 | Elf:3    | Entered Level 3 of the Elven Halls
 65159 | Elf:3    | Found a huge runed gate.
 65159 | Elf:3    | Found a huge runed gate.
 65159 | Elf:3    | Found a huge runed gate.
 65159 | Elf:3    | Found a huge runed gate.
 65159 | Elf:3    | Found a huge runed gate.
 65159 | Elf:3    | Found a huge runed gate.
 65159 | Elf:3    | Found a huge runed gate.
 65159 | Elf:3    | Found a huge runed gate.
 65159 | Elf:3    | Found a huge runed gate.
 65198 | Elf:3    | Found a huge runed gate.
 65224 | Elf:3    | Found a huge runed gate.
 65224 | Elf:3    | Found a huge runed gate.
 65224 | Elf:3    | Found a huge runed gate.
 65224 | Elf:3    | Found a huge runed gate.
 65311 | Elf:3    | Identified the +11 quarterstaff of Vanity {vorpal, Str+4
                  | Int+4 Dex-5 SInv}
 65331 | Elf:3    | Found a huge runed gate.
 65331 | Elf:3    | Found a huge runed gate.
 65331 | Elf:3    | Found a huge runed gate.
 65332 | Elf:3    | Found a huge runed gate.
 65332 | Elf:3    | Found a huge runed gate.
 65337 | Elf:3    | Found a huge runed gate.
 65337 | Elf:3    | Found a huge runed gate.
 65337 | Elf:3    | Found a huge runed gate.
 65337 | Elf:3    | Found a huge runed gate.
 65337 | Elf:3    | Found a huge runed gate.
 65338 | Elf:3    | Found a huge runed gate.
 65339 | Elf:3    | Found a huge runed gate.
 65340 | Elf:3    | Found a huge runed gate.
 65382 | Elf:3    | Found Zecaown's Armour Shop.
 65574 | Elf:3    | Found a huge runed gate.
 65575 | Elf:3    | Found a huge runed gate.
 65576 | Elf:3    | Found a huge runed gate.
 65577 | Elf:3    | Found a huge runed gate.
 65578 | Elf:3    | Found a huge runed gate.
 65579 | Elf:3    | Found a huge runed gate.
 65580 | Elf:3    | Found a huge runed gate.
 65586 | Elf:3    | Identified the ring "Jeamn" {rN+++ rCorr Int-4 Dex+6
                  | Slay-6}
 65594 | Elf:3    | Found a huge runed gate.
 65595 | Elf:3    | Found a huge runed gate.
 66014 | Elf:3    | Identified the +14 plate armour "Xoskecayph" {Regen+}
 66014 | Elf:3    | Identified the amulet of Coronation {Spirit Str+3}
 66254 | Elf:3    | Identified the amulet of Cheibriados's Esteem {Reflect
                  | *Slow rElec Int+7 SH+5 Stlth+}
 66510 | Elf:3    | Identified the +8 plate armour of Youthful Indiscretion
                  | {Contam Harm rF+ rN+}
 66545 | Elf:3    | Got the Handbook of Allies
 66828 | Elf:3    | Found the +5 lochaber axe {reach-cleave, poleaxe}
 67007 | Elf:2    | Bought the ring of the Devil's Advocate {rElec Will+ AC+4}
                  | for 667 gold pieces
 67121 | Orc:2    | Bought a potion of heal wounds for 85 gold pieces
 67121 | Orc:2    | Bought a potion of ambrosia for 136 gold pieces
 67121 | Orc:2    | Bought a potion of might for 68 gold pieces
 67121 | Orc:2    | Bought a potion of flight for 51 gold pieces
 67145 | Orc:2    | Bought a scroll of teleportation for 54 gold pieces
 68289 | Crypt:3  | Found the +7 mace of Variability {chain chaos}
 68321 | Crypt:3  | Identified the ring of Tibysele {Ice *Slow Will++ Int+3}
 68321 | Crypt:3  | Noticed Josephina
 68339 | Crypt:3  | Killed Josephina
 68474 | Crypt:3  | Noticed a dread lich
 68515 | Crypt:3  | Killed a dread lich
 68620 | Crypt:3  | Noticed an ancient lich
 68621 | Crypt:3  | Noticed a dread lich
 68632 | Crypt:3  | Identified the +8 short sword "Ofug Iqa" {antimagic, Dex+5}
 68661 | Crypt:2  | Killed a dread lich
 68786 | Crypt:2  | Killed an ancient lich
 68816 | Crypt:3  | Noticed Saint Roka
 68843 | Crypt:2  | Killed Saint Roka
 68976 | Crypt:3  | Identified the +9 dire flail "Jouhus" {vorpal, rN+ Int+4}
 69220 | Crypt:3  | Found a staircase to the Tomb.
 69228 | Tomb:1   | Entered Level 1 of the Tomb of the Ancients
 69656 | Tomb:1   | Reached skill level 5 in Evocations
 69700 | Tomb:1   | Reached XP level 25. HP: 209/251 MP: 32/32
 70502 | Tomb:1   | Got the Atlas of the Salmon
 71188 | Depths:3 | Reached skill level 26 in Fighting
 71640 | Depths:3 | Noticed an ancient lich
 71653 | Depths:3 | Noticed the Enchantress
 71658 | Depths:3 | Killed an ancient lich
 71697 | Depths:3 | Killed the Enchantress
 71741 | Depths:3 | Acquired the +3 pair of gauntlets of War {Slay+5}
 71741 | Depths:3 | Found the +3 pair of gauntlets of War {Slay+5}
 71820 | Depths:3 | Paralysed by a floating eye for 4 turns
 71829 | Depths:3 | Paralysed by a floating eye for 4 turns
 71890 | Depths:3 | Identified the +4 long sword of Conscience {flame, Drain
                  | rElec MP+9}
 71947 | Depths:3 | Reached skill level 15 in Invocations
 71947 | Depths:3 | Reached XP level 26. HP: 261/261 MP: 33/33
 72398 | Depths:4 | Entered Level 4 of the Depths
 72504 | Depths:4 | Found a gate to the Realm of Zot.
 72619 | Depths:4 | Found Uqetium's Antique Armour Emporium.
 72769 | Depths:4 | Found a runed translucent gate.
 72769 | Depths:4 | Found a runed translucent gate.
 72769 | Depths:4 | Found a runed translucent gate.
 72770 | Depths:4 | Noticed Pikuto's ghost (adept MiBe)
 73407 | Depths:4 | Bought a runed crystal plate armour for 2407 gold pieces
 73483 | Zot:1    | Entered Level 1 of the Realm of Zot
 73657 | Depths:4 | Reached XP level 27. HP: 257/270 MP: 33/34
 74561 | Zot:2    | Noticed an orb of fire
 74573 | Zot:2    | Gained mutation: Your body sometimes deteriorates upon
                  | taking damage. [an orb of fire]
 74577 | Zot:2    | Gained mutation: Your body often deteriorates upon taking
                  | damage. [an orb of fire]
 74580 | Zot:2    | Killed an orb of fire
 74892 | Orc:2    | Bought a potion of mutation for 112 gold pieces
 74892 | Orc:2    | Bought a potion of heal wounds for 70 gold pieces
 74892 | Orc:2    | Bought a potion of attraction for 42 gold pieces
 74892 | Orc:2    | Bought a potion of flight for 42 gold pieces
 74892 | Orc:2    | Bought a potion of lignification for 42 gold pieces
 74892 | Orc:2    | Bought a potion of heal wounds for 70 gold pieces
 76612 | Zot:3    | Identified the +4 ring mail of Zuwoehiu {-Cast Harm rN+
                  | Will++}
 76654 | Zot:3    | Lost mutation: You occasionally lose the ability to drink
                  | potions when taking damage. [potion of mutation]
 76654 | Zot:3    | Lost mutation: Your body often deteriorates upon taking
                  | damage. [potion of mutation]
 76654 | Zot:3    | Gained mutation: You sometimes lose your temper in combat.
                  | [potion of mutation]
 76654 | Zot:3    | Gained mutation: You are agile. (Dex +4, Str/Int -1)
                  | [potion of mutation]
 76654 | Zot:3    | Gained mutation: You have large cloven feet. [potion of
                  | mutation]
 76655 | Zot:3    | Lost mutation: You are agile. (Dex +4, Str/Int -1) [potion
                  | of mutation]
 76655 | Zot:3    | Lost mutation: You have large cloven feet. [potion of
                  | mutation]
 76655 | Zot:3    | Gained mutation: You occasionally shout uncontrollably at
                  | your foes. [potion of mutation]
 76655 | Zot:3    | Gained mutation: You are agile. (Dex +4, Str/Int -1)
                  | [potion of mutation]
 76656 | Zot:3    | Lost mutation: You sometimes lose your temper in combat.
                  | [potion of mutation]
 76656 | Zot:3    | Lost mutation: You are agile. (Dex +4, Str/Int -1) [potion
                  | of mutation]
 76656 | Zot:3    | Lost mutation: You occasionally shout uncontrollably at
                  | your foes. [potion of mutation]
 76656 | Zot:3    | Gained mutation: You are strong-willed. (Will+) [potion of
                  | mutation]
 76656 | Zot:3    | Gained mutation: You are agile. (Dex +4, Str/Int -1)
                  | [potion of mutation]
 76656 | Zot:3    | Gained mutation: You are partially covered in iridescent
                  | scales. (AC +2) [potion of mutation]
 76787 | Zot:3    | Found the +0 mask of the Dragon {Will+ Slay+3 SInv}
 76815 | Zot:3    | Found a transporter.
 76872 | Zot:3    | Reached skill level 27 in Fighting
 76962 | Zot:3    | Found a transporter.
 78416 | Zot:5    | Entered Level 5 of the Realm of Zot
 78792 | Zot:5    | Noticed an ancient lich
 78806 | Zot:5    | Killed an ancient lich
 78899 | Zot:5    | Noticed an ancient lich
 78907 | Zot:5    | Killed an ancient lich
 79088 | Zot:5    | Noticed an orb of fire
 79785 | Hell     | Entered the Vestibule of Hell
 79826 | Hell     | Noticed Geryon
 79887 | Hell     | Noticed Murray
 80106 | Depths:2 | Killed Murray
 80656 | Hell     | Killed Geryon
 80723 | Hell     | Found a gateway to the freezing wastes of Cocytus.
 80778 | Hell     | Found a gateway to the decaying netherworld of Tartarus.
 80869 | Hell     | Found a gateway to the Iron City of Dis.
 80914 | Hell     | Found a gateway to the ashen valley of Gehenna.
 81007 | Depths:2 | Voluntarily entered the Abyss.
 81197 | Abyss:3  | Gained mutation: You sometimes lose the ability to read
                  | scrolls when taking damage. [a neqoxec]
 81201 | Abyss:3  | Gained mutation: Your magical capacity is low. (-10% MP) [a
                  | neqoxec]
 81217 | Abyss:3  | Gained mutation: You are somewhat resistant to further
                  | mutation. [a neqoxec]
 81225 | Abyss:3  | Lost intelligence.
 81270 | Abyss:3  | Got an abyssal rune of Zot
 81337 | Depths:2 | Escaped the Abyss
 81883 | Tar:1    | Entered Level 1 of Tartarus
 83017 | Geh:1    | Entered Level 1 of Gehenna
 83293 | Geh:1    | Found a huge runed gate.
 83293 | Geh:1    | Found a huge runed gate.
 83293 | Geh:1    | Found a huge runed gate.
 83293 | Geh:1    | Found a huge runed gate.
 83294 | Geh:1    | Found a huge runed gate.
 83294 | Geh:1    | Found a huge runed gate.
 83294 | Geh:1    | Found a huge runed gate.
 83294 | Geh:1    | Found a huge runed gate.
 83295 | Geh:1    | Found a huge runed gate.
 83295 | Geh:1    | Found a huge runed gate.
 83299 | Geh:1    | Found a huge runed gate.
 83299 | Geh:1    | Found a huge runed gate.
 83299 | Geh:1    | Found a huge runed gate.
 83300 | Geh:1    | Found a huge runed gate.
 83301 | Geh:1    | Found a huge runed gate.
 83302 | Geh:1    | Found a huge runed gate.
 83304 | Geh:1    | Found a huge runed gate.
 83305 | Geh:1    | Found a huge runed gate.
 83305 | Geh:1    | Found a huge runed gate.
 83313 | Geh:1    | Found a huge runed gate.
 83313 | Geh:1    | Found a huge runed gate.
 83313 | Geh:1    | Found a huge runed gate.
 83313 | Geh:1    | Found a huge runed gate.
 83313 | Geh:1    | Found a huge runed gate.
 83313 | Geh:1    | Found a huge runed gate.
 83314 | Geh:1    | Found a huge runed gate.
 83315 | Geh:1    | Found a huge runed gate.
 83316 | Geh:1    | Found a huge runed gate.
 83324 | Geh:1    | Found a huge runed gate.
 83324 | Geh:1    | Found a huge runed gate.
 83324 | Geh:1    | Found a huge runed gate.
 83324 | Geh:1    | Found a huge runed gate.
 83324 | Geh:1    | Found a huge runed gate.
 83324 | Geh:1    | Found a huge runed gate.
 83325 | Geh:1    | Found a huge runed gate.
 83326 | Geh:1    | Found a huge runed gate.
 83476 | Geh:1    | The Shining One protects you from harm!
 83478 | Geh:1    | Killed from afar by a hellion

Illustrated notes

Levels and vault maps discovered:
D:1:      dpeg_arrival_tiny_h, layout_loops_corners,
          ebering_ecumenical_altar_hall
D:2:      layout_loops_ring, nicolae_underground_beach, uniq_natasha
D:3:      layout_loops_ring, mainiacjoe_overflow_alcove_1,
          guppyfry_early_lair_pool, uniq_grinder, uniq_robin, uniq_sigmund,
          uniq_ijyb
D:4:      layout_rooms, minmay_joined_circles, uniq_menkaure, uniq_duvessa
D:5:      layout_cave_pools, tso_metal_star, gammafunk_temple_overflow_statue,
          minmay_temple_entry_waves, portal_sewer_entry_e
D:6:      layout_cave_pods, okawaru_altar_gauntlet_db
D:7:      layout_loops_ring, pdpol_temple_overflow_zin_treasury_gozag_greed,
          grunt_qazlal_clouds, serial_shops, nicolae_shop_trees
D:8:      layout_loops_ring, nicolae_uskayaw_dance_hall,
          nicolae_ru_sacrificial_ziggurat, grunt_dithmenos_smoke_and_mirrors
D:9:      layout_rooms
D:10:     layout_long_grid, mainiacjoe_overflow_chevrons, david_orc_3,
          hellmonk_guarded_unrand_seven_league_boots
D:11:     layout_basic, minmay_lair_entry_grove
D:12:     cheibrodos_histonic, layout_basic, hangedman_feature_mirror,
          uniq_fannar
D:13:     layout_basic, skrybe_vaults_entry_preservation,
          ploomutoo_gammafunk_ghost_potion_laboratory, grunt_decor_mini_mirrors
D:14:     layout_loops_cross, gammafunk_ghost_arena, kennysheep_generic_room_16,
          uniq_rupert
D:15:     grunt_enter_depths_snipers, layout_small_grid
Temple:   zaba_magenta_temple
Lair:1:   layout_concentric_octagons, basic_altar
Lair:2:   layout_big_grid, swamp_mist_pool, hellmonk_spider_entry_not_the_bees,
          uniq_gastronok
Lair:3:   layout_regular_city, portal_ice_cave_entry_ice_simulacra,
          grunt_megastairs_3
Lair:4:   layout_cave_shapes, minmay_slime_entry_oklob_open, beast_lair_carwin_4
Lair:5:   hellmonk_lair_end_abyssal_woods, layout_cave_pods,
          gauntlet_entry_generic, nzn_ghost_randoct,
          nicolae_quartered_pool_medium, nzn_masters_of_martial_movement,
          serial_bayou_shore_a
Swamp:1:  layout_falls_marsh, evilmike_swamp_ruin_wall
Swamp:2:  cheibrodos_swamp_mausoleum, layout_basic_swamp,
          nicolae_swamp_round_clearing
Swamp:3:  layout_basic_swamp, evilmike_swamp_ruin_house_4, swamp_pool2,
          st_swamp_ruins_1, uniq_kirke
Swamp:4:  swamp_pestilence, layout_basic_swamp, nzn_swamp_dancing_lights
Spider:1: layout_cave_pods
Spider:2: layout_chambers, nicolae_spider_some_kinda_spiderbox, uniq_roxanne,
          uniq_arachne
Spider:3: layout_spider_delve
Spider:4: hellmonk_spider_rune_endless_swarm
Slime:1:  layout_caves
Slime:2:  layout_caves
Slime:3:  layout_caves
Slime:4:  cheibrodos_slime_lost_civilization_3, layout_caves
Slime:5
Orc:1:    layout_diamond_mine, basic_altar, trog_butcher_becter
Orc:2:    grunt_orc_tribal_feast, layout_diamond_mine, serial_shops,
          nicolae_shop_crystal
Elf:1:    nicolae_elf_arrival_dilemma, layout_rooms, minmay_elf_crystal_hexagon,
          lemuel_flamethrower_hall
Elf:2:    elven_hall_of_blades_hangedman_alternative
          [nicolae_blade_entry_floor_patterns], layout_loops_corners,
          minmay_shop_grove, uniq_asterion
Elf:3:    minmay_elf_hall_dome, layout_geoelf_octagon, serial_shops, shop,
          drop_trap, not_door_vault_mu
Vaults:1: portal_desolation_entry_nicolae_forbidding_blocks, v_misc_14,
          vaults_room_grid, nicolae_vaults_inception_scallops, v_misc_12,
          v_rooms_3, vaults_room_door_hall, ontoclasm_vaults_pinch, v_misc_23,
          vaults_room_ringed_pool, vaults_room_fours, grunt_vaults_hallway_long,
          layout_vaults_omnicross
Vaults:2: hangedman_vaults_locks, v_misc_26, nicolae_vaults_back_hallway,
          nicolae_vaults_specimen_jars, nicolae_vaults_sealed_display,
          ontoclasm_vaults_eye, minmay_crypt_entry_simple_sparse,
          grunt_vaults_hallway_long, layout_vaults_omnigrid, serial_shops,
          nicolae_shop_trees
Vaults:3: v_misc_17, hangedman_vaults_nodes, v_misc_2,
          vaults_room_stairs_pillars, nicolae_vaults_windows_and_doors_thing,
          hangedman_vaults_variations, ontoclasm_vaults_fire_temple,
          vaults_mumra_minichess, vaults_mumra_chevron, nicolae_vaults_asterisk,
          v_misc_11, grunt_vaults_hallway_short, layout_vaults_maze_snakey,
          serial_shops, bzr_entry_safe, uniq_nikola, uniq_margery,
          uniq_frederick
Vaults:4: ontoclasm_vaults_chip, nicolae_vaults_rhombus_5,
          ontoclasm_vaults_tryst, v_misc_4, v_pattern_3, grunt_vaults_diagonal,
          nicolae_vaults_border_crossing, ontoclasm_vaults_claustrophobia,
          nicolae_vaults_network_s, vaults_room_fours, kb_rosetta,
          ontoclasm_vaults_ring_small, vaults_room_pools, vaults_room_door_ring,
          layout_vaults_ring, serial_shops, shop_scrolls
Vaults:5
Crypt:1:  layout_chaotic_city, minicrypt_bobbens, grunt_crypt_arrival_split,
          uniq_donald, uniq_vv, uniq_mennas
Crypt:2:  layout_catacombs
Crypt:3:  david_glass_crypt, layout_misc_corridors, tomb_entry_shell_bobbens,
          uniq_saint_roka, uniq_josephina
Tomb:1
Depths:1: layout_long_grid, abyss_entry, dk_noncrumbling_3,
          pf_hell_entry_tar_river, led_xom_imps, serial_bayou_shore_b,
          serial_bayou_shore_b
Depths:2: kennysheep_bubbly, layout_cave_pools, pan_entry,
          kennysheep_crisscross, pf_coc_iceberg, abyss_entry,
          minmay_staircase_windowed_large
Depths:3: lemuel_river_lethe, hell_entry, abyss_entry, uniq_enchantress
Depths:4: grunt_crosshair, layout_twisted_cross, serial_shops,
          nicolae_shop_crystal, gammafunk_ghost_ooze, rand_demon_pan_entry_5,
          hell_entry, serial_bayou, serial_bayou_lagoon_b,
          serial_bayou_lagoon_a, serial_bayou_pond_a, serial_bayou_pond_d
Hell
Geh:1:    layout_gehenna_pools_box, not_door_vault_due
Tar:1:    layout_grid_maze
Tar:2:    layout_grid_maze
Zot:1:    layout_cathedral_of_symmetry, grunt_megastairs_5
Zot:2:    layout_gridlike
Zot:3:    layout_misc_corridors, grunt_ministairs_1,
          chequers_guarded_unrand_mask_of_the_dragon
Zot:4:    layout_gridlike, grunt_megastairs_2
Zot:5:    layout_gridlike, st_stairs_12

Skill      XL: |  1  2  3  4  5  6  7  8  9 10 11 12 13 14 15 16 17 18 19 20 21 22 23 24 25 26 27 |
---------------+----------------------------------------------------------------------------------+-----
Fighting       | 4 5 6 7 8 9 11 12 14 15 17 18 19 20 21 22 23 24 25 26 27 | 27.0
Axes           | 3 4 5 6 7 8 |  8.2
Armour         | 4 5 6 7 8 9 10 11 13 14 15 16 17 18 19 20 21 22 24 | 24.9
Dodging        | 1 2 3 4 5 6 8 9 10 12 13 14 15 16 17 19 20 21 22 24 | 24.6
Shields        | 4 5 6 7 8 9 10 11 13 14 15 16 17 18 19 20 21 24 | 24.2
Polearms       | 4 7 9 11 13 14 15 16 17 18 19 20 21 22 23 24 26 | 26.2
Invocations    | 2 4 5 6 7 8 9 10 11 12 13 14 15 16 17 | 17.9
Throwing       | 1 4 5 6 |  6.0
Evocations     | 3 5 6 |  6.0

Action                   |  1- 3 |  4- 6 |  7- 9 | 10-12 | 13-15 | 16-18 | 19-21 | 22-24 | 25-27 || total
-------------------------+-------+-------+-------+-------+-------+-------+-------+-------+-------++-------
Melee: War axe           |    79 |    84 |   114 |       |       |       |       |       |       ||   277
       Headbutt          |    12 |    18 |    43 |   144 |   431 |   469 |   498 |   677 |   872 ||  3164
       Hand axe          |       |       |   133 |   456 |   221 |       |       |       |       ||   810
       Lance             |       |       |       |       |  1263 |  1615 |  1596 |  1893 |  2295 ||  8662
Throw: Boomerang         |     1 |    11 |       |     5 |       |       |       |       |       ||    17
       Javelin           |       |       |       |       |       |       |       |    21 |     3 ||    24
Invok: Summon Divine War |       |       |       |       |       |       |       |     7 |     1 ||     8
       Divine Shield     |       |       |       |       |       |       |       |     5 |     4 ||     9
       Cleansing Flame   |       |       |       |       |       |       |       |     1 |    10 ||    11
Evoke: Wand              |       |       |       |       |       |       |     1 |     1 |     4 ||     6
  Use: Scroll            |       |     1 |    17 |     7 |    12 |     7 |     4 |     7 |     7 ||    62
       Potion            |       |       |     2 |     7 |     3 |     3 |     2 |    18 |    21 ||    56
 Stab: Sleeping          |       |       |     1 |       |       |       |       |       |       ||     1
Armor: Scale mail        |    34 |    34 |       |       |       |       |       |       |       ||    68
       Chain mail        |       |     2 |       |       |       |       |       |       |       ||     2
       Ring mail         |       |     1 |    64 |   113 |   200 |       |       |       |       ||   378
       Plate armour      |       |       |       |       |   165 |       |       |   128 |   742 ||  1035
       Crystal plate arm |       |       |       |       |    17 |   653 |   277 |   227 |       ||  1174
Dodge: Dodged            |    42 |    47 |   134 |   241 |   311 |   500 |   349 |   587 |  1494 ||  3705
Block: Buckler           |    15 |    20 |    17 |       |       |       |       |       |       ||    52
       Kite shield       |       |       |    68 |   255 |    79 |   970 |   737 |   286 |   399 ||  2794
       Tower shield      |       |       |       |       |   788 |       |       |  1104 |  1830 ||  3722
       Reflection        |       |       |       |       |       |    19 |    70 |    18 |       ||   107
